 Dungeon Crawl Stone Soup version 0.16.0-18-g484a79e (console) character file.

123489 mauris the Spry (level 16, -20/87 (88) HPs)
             Began as a Felid Berserker on Mar 22, 2015.
             Was a High Priest of Trog.
             Demolished by a skeletal warrior
             ... wielding a +4 trident of flaming
              (22 damage)
             ... on level 1 of the Vaults.
             The game lasted 01:43:30 (41574 turns).

mauris the Spry (Felid Berserker)                  Turns: 41574, Time: 01:43:30

HP:   -20/87 (88)   AC:  5    Str: 13    XL:     16   Next: 7%
MP:   37/37         EV: 38    Int:  5    God:    Trog [*****.]
Gold: 1671          SH:  0    Dex: 21    Spells: 0 memorised, 15 levels left
                                        Lives: 0   Deaths: 2

rFire  x . .     SeeInvis +       - Unarmed
rCold  + + .     Clarity  .     (armour unavailable)
rNeg   . . .     SustAb   .     (shield unavailable)
rPois  +         Gourm    .     (helmet unavailable)
rElec  .         Spirit   .     (cloak unavailable)
rCorr  .         Warding  .     (gloves unavailable)
rMut   .         Stasis   .     (boots unavailable)
MR     ++++.                    N - amulet of inaccuracy
Stlth  ++++......               x - +2 ring of protection
                                z - ring of Salvation {rPois rF- rC+ MP+9 Int-5 Slay+3}

@: exhausted, very slightly contaminated, regenerating, studying Dodging, quick,
incredibly resistant to hostile enchantments, stealthy
A: paw claws, no armour, no weapons or thrown items, fangs 3, see invisible,
carnivore 3, speed 1, poison resistance, shaggy fur 3, slow metabolism 1, sharp
paws
a: Burn Spellbooks, Berserk, Trog's Hand, Brothers in Arms, Renounce Religion
}: 1/15 runes: decaying


You were on level 1 of the Vaults.
You worshipped Trog.
Trog was extremely pleased with you.
You were not hungry.

You visited 6 branches of the dungeon, and saw 34 of its levels.
You also visited: Labyrinth.

You collected 3880 gold pieces.
You spent 2209 gold pieces at shops.

Inventory:

Jewellery
 d - the ring of Fraup {Fire Str+5}
   (You acquired it on level 3 of the Lair of Beasts)

   [ring of fire]

   It enhances your fire magic, and weakens your ice magic.
   It affects your strength (+5).
   It protects you from fire.
   It makes you vulnerable to cold.
 w - the ring "Cronim" {Contam rElec rPois rN+ Dex-2}
   (You found it in a labyrinth)

   [ring of dexterity]

   It affects your dexterity (-2).
   It insulates you from electricity.
   It protects you from poison.
   It protects you from negative energy.
   It causes magical contamination when unequipped.
 x - a +2 ring of protection (right paw)
 z - the ring of Salvation (left paw) {rPois rF- rC+ MP+9 Int-5 Slay+3}
   (You bought it in a shop on level 4 of the Orcish Mines)

   [ring of protection from cold]

   It affects your intelligence (-5).
   It affects your accuracy and damage with ranged weapons and melee attacks
   (+3).
   It makes you vulnerable to fire.
   It protects you from cold.
   It protects you from poison.
   It affects your magic capacity (+9).
 B - the amulet "Seazug" {Clar +Inv +Fly MR+}
   (You found it on level 8 of the Lair of Beasts)

   [amulet of clarity]

   It provides mental clarity.
   It affects your resistance to hostile enchantments.
   It lets you turn invisible.
   It lets you fly.
 H - the amulet "Smuihib" {Inacc rC- MP+9 Dex+7 Stlth-}
   (You found it on level 1 of the Vaults)

   [amulet of inaccuracy]

   It reduces the accuracy of all your attacks.
   It affects your dexterity (+7).
   It makes you vulnerable to cold.
   It affects your magic capacity (+9).
   It makes you less stealthy.
 I - a +3 ring of dexterity
 L - an uncursed amulet of regeneration
 N - an amulet of inaccuracy (around neck)
Magical devices
 e - a wand of random effects (28) {48}
 h - a wand of frost (27) {48}
 n - a wand of heal wounds (7) {@v2}
 o - a wand of cold (8) {30}
 r - a wand of slowing (18) {48}
 s - a wand of fireball (6) {9}
 C - a wand of digging (12) {48}
 D - a wand of lightning (5) {24}
 J - a wand of polymorph (12) {48}
 M - a wand of disintegration (24) {48}
 P - a wand of draining (4) {24}
Scrolls
 a - a scroll of fog
 f - 8 scrolls of magic mapping
 g - 15 scrolls of identify {@r1}
 j - 8 scrolls of recharging
 m - 11 scrolls of teleportation {@r4}
 p - a scroll of blinking
 q - 9 scrolls of remove curse
Potions
 b - a potion of curing {@q1}
 i - a potion of heal wounds {@q2}
 k - 5 potions of haste {@q3}
 t - 2 potions of cure mutation
 u - 5 potions of agility
 A - a potion of restore abilities
 E - a potion of beneficial mutation
 G - 2 potions of brilliance
 T - 3 potions of might
Books
 y - a manual of Dodging
Miscellaneous
 K - a lamp of fire
Comestibles
 c - 15 meat rations
 l - 9 slices of pizza
 v - a beef jerky


   Skills:
 + Level 19.5 Fighting
 + Level 20.6 Dodging
 - Level 5.9 Stealth
 + Level 18.2 Unarmed Combat
 - Level 5.0 Evocations


You had 15 spell levels left.
You didn't know any spells.

Dungeon Overview and Level Annotations

Branches:
Dungeon (15/15)            Temple (1/1) D:7            Lair (8/8) D:8
  Swamp (5/5) Lair:3       Spider (0/5) Lair:5        Slime (0/6) Lair:6
    Orc (4/4) D:9             Elf (0/3) Orc:4        Vaults (1/5) D:14
 Depths (0/5) D:15

Altars:
Ashenzari
Cheibriados
Dithmenos
Elyvilon
Fedhas
Gozag
Makhleb
Nemelex Xobeh
Okawaru
Ru
Sif Muna
Yredelemnul
Beogh

Shops:
D:7 *   Orc:2 ::*==   Orc:4 (}==

Annotations:
D:4 exclusion: door
D:13 exclusion: electric eel
Lair:2 exclusion: hydra


Innate Abilities, Weirdness & Mutations

You cannot wear armour.
You are incapable of wielding weapons or throwing items.
You have razor-sharp teeth.
You have supernaturally acute eyesight.
You are carnivorous and can eat meat at any time.
You cover ground quickly.
Your thick and shaggy fur keeps you warm (AC +3, rC+).
You have a slow metabolism.
Your paws have sharp claws that are effective at stabbing.
Your system is resistant to poisons.


Message History

* * * LOW HITPOINT WARNING * * *
You hold your ground!
The skeletal warrior hits you from afar with a trident of flaming.
* * * LOW HITPOINT WARNING * * *
The skeletal warrior burns you.
* * * LOW HITPOINT WARNING * * *
Huge Dmg: -25%(-22hp) hp: 4%(3hp) Drink which item? (? for menu, Esc to quit)
You feel much better.
Your troll misses the skeletal warrior.
Your troll claws the skeletal warrior!
Your troll barely misses the skeletal warrior.
The vault sentinel blows a loud note on a signal horn!
The golden dragon completely misses you. x3
Your troll bites the skeletal warrior.
Your troll completely misses the skeletal warrior.
Your troll claws the skeletal warrior but does no damage.
The skeletal warrior hits you from afar with a trident of flaming!!
* * * LOW HITPOINT WARNING * * *
The skeletal warrior burns you!!
You die...

.................................
.................................
.......................########..
.......................# #..
..........############## #..
..........############### #..
.##########.)....#z.T)c$+ #..
.#...(....'.)....DpzzC..# #..
.#........#.(...@#.....)'p #..
.#........############### #..
.'........############## #..
.#........#............# #..
.#........#............########..
.#####'####......................
...).............................
.................................
.................................


You could see a golden dragon (bleeding), a yaktaur captain, 3 skeletal
warriors, a vault sentinel, a cyclops and a friendly troll (berserk).

Vanquished Creatures
  Saint Roka (Orc:4)
  A bone dragon (Swamp:5)
  3 thorn hunters
  Rupert (Lair:7)
  2 storm dragons (D:14)
  A tengu reaver (D:14)
  A fire giant (D:15)
  Louise (D:15)
  A stone giant (Orc:4)
  Snorg (D:14)
  A yaktaur captain (Vaults:1)
  Josephine (D:14)
  12 hydras
  7 vault guards
  Harold (Lair:5)
  7 catoblepae
  2 ghost crabs (Swamp:5)
  Erica (D:14)
  4 centaur warriors
  6 alligators
  22 death yaks
  3 orc high priests (Orc:4)
  5 spriggans
  Erolcha (D:11)
  7 swamp dragons
  A lindwurm (Lair:7)
  A death drake (Swamp:5)
  2 spriggan druids (Swamp:5)
  2 shambling mangroves (Swamp:3)
  A wolf spider zombie (D:14)
  2 spectral hydras (Swamp:5)
  2 ironbrand convokers (Vaults:1)
  2 orc knights
  12 ugly things
  2 griffons
  An unseen horror (D:13)
  6 orc sorcerers (Orc:4)
  9 hill giants
  A wolf spider (D:14)
  7 cyclopes
  9 elephants
  3 manticores
  A phantasmal warrior (Swamp:5)
  3 hornets
  Maurice (Orc:1)
  4 black mambas
  Joseph (Orc:2)
  2 torpor snails
  A vault sentinel (Vaults:1)
  18 spiny frogs
  A gargoyle (D:13)
  A kobold demonologist (D:15)
  8 komodo dragons
  3 swamp worm zombies (Swamp:5)
  A yaktaur (D:15)
  A deep elf priest (D:14)
  2 blue devils (Orc:4)
  2 hydra zombies (Swamp:5)
  2 fire drakes
  An efreet (D:14)
  5 trolls
  A jumping spider (Lair:5)
  2 freezing wraiths (D:15)
  9 ravens
  3 two-headed ogres
  A boulder beetle (Lair:7)
  A queen bee (shapeshifter) (Vaults:1)
  11 bog bodies
  10 blink frogs
  A hornet zombie (D:15)
  4 giant leeches
  3 alligator zombies (Swamp:5)
  2 basilisks (Lair:4)
  6 baby alligators
  22 slime creatures
  A spectral swamp dragon (Swamp:5)
  2 redbacks (Lair:5)
  2 shadows
  5 deep elf magi
  3 deep elf fighters (D:14)
  6 wraiths
  2 wyverns
  38 yaks
  Eustachio (D:6)
  12 hippogriffs
  A hungry ghost (D:8)
  30 vampire mosquitoes
  A warg (Orc:1)
  25 insubstantial wisps
  Menkaure (D:5)
  3 mottled dragons
  26 swamp worms
  19 water moccasins
  12 swamp drakes
  9 ice beasts
  A swamp dragon zombie (Swamp:5)
  50 orc warriors
  12 porcupines
  5 necrophages
  21 ogres
  An orc zombie (Orc:4)
  An eye of draining (shapeshifter) (D:15)
  5 wasps
  A boring beetle (Lair:7)
  6 phantoms
  11 centaurs
  3 boggarts (D:15)
  30 giant frogs
  17 crocodiles
  Sigmund (D:2)
  Duvessa (D:6)
  4 big kobolds
  A gnoll sergeant (D:7)
  A wyvern zombie (D:15)
  4 scorpions
  3 killer bees
  7 jellies
  Dowan (D:6)
  A centaur zombie (D:10)
  12 wights
  3 goliath beetles
  37 orc priests
  2 giant frog skeletons
  8 crimson imps
  15 hounds
  8 centaur skeletons
  37 orc wizards
  7 worker ants
  5 iguanas
  4 spectral swamp drakes (Swamp:5)
  24 sheep
  A hound skeleton (D:7)
  2 worker ant zombies (D:9)
  21 adders
  5 gnolls (D:7)
  31 river rats
  4 shadow imps
  5 worms
  An ufetubus (Orc:4)
  An adder zombie (D:5)
  An adder skeleton (D:5)
  2 giant geckos
  265 orcs
  2 ball pythons
  12 bats
  4 bat skeletons
  3 giant cockroaches
  30 goblins
  23 hobgoblins
  An ooze (D:1)
  13 quokkas
  A giant gecko skeleton (D:4)
  2 giant newts
  11 jackals
  15 kobolds
  18 rats
  2 ballistomycetes (D:8)
1315 creatures vanquished.

Vanquished Creatures (collateral kills)
  A thorn hunter (Swamp:5)
  A fire dragon (Lair:4)
  A minotaur (Lab)
  2 hydras
  3 death yaks
  3 orc high priests (Orc:4)
  A skeletal warrior (Vaults:1)
  An ironbrand convoker (Vaults:1)
  An orc knight (Orc:4)
  A hornet (Swamp:5)
  A spiny frog (Lair:7)
  3 elephants (Lair:7)
  A hydra zombie (Swamp:5)
  2 spectral swamp dragons (Swamp:5)
  7 blink frogs
  2 alligator zombies (Swamp:5)
  2 bog bodies (Swamp:5)
  4 slime creatures (Swamp:5)
  A basilisk (Lair:3)
  2 insubstantial wisps (Swamp:5)
  2 hippogriffs
  2 water moccasins (Swamp:5)
  2 swamp dragon zombies (Swamp:5)
  6 orc warriors (Orc:4)
  2 ogres (Orc:4)
  4 phantoms (Swamp:5)
  A crocodile (Lair:3)
  An orc priest (Orc:4)
  An ufetubus (Orc:4)
  36 orcs (Orc:4)
  A kobold (D:14)
98 creatures vanquished.

Vanquished Creatures (others)
  2 stone giants
  2 hill giants (Orc:4)
  An ugly thing (Swamp:5)
  3 trolls (Swamp:5)
  A two-headed ogre (Lair:4)
  A giant leech (Swamp:5)
  2 ogres
  A crocodile (Lair:7)
  An adder (Lair:7)
  A giant spore (D:8)
  A kobold (D:14)
  4 fungi
  A plant (Lair:8)
21 creatures vanquished.

Grand Total: 1434 creatures vanquished

Notes
Turn   | Place    | Note
--------------------------------------------------------------
     0 | D:1      | mauris, the Felid Berserker, began the quest for the Orb.
     0 | D:1      | Reached XP level 1. HP: 10/10 MP: 2/2
     6 | D:1      | Noticed a polar bear
     6 | D:1      | Noticed an anaconda
     6 | D:1      | Noticed a swamp drake
     8 | D:1      | Noticed a swamp worm
    26 | D:1      | Huge Dmg: 5 dmg
   229 | D:1      | Huge Dmg: 3 dmg
   375 | D:1      | Reached XP level 2. HP: 14/14 MP: 3/3
   545 | D:1      | Huge Dmg: 4 dmg
   667 | D:1      | Acquired Trog's second power
   743 | D:1      | Huge Dmg: 4 dmg
  1250 | D:2      | Noticed Sigmund
  1261 | D:2      | Killed Sigmund
  1261 | D:2      | Reached skill level 5 in Dodging
  1261 | D:2      | Reached XP level 3. HP: 18/18 MP: 5/5
  1261 | D:2      | Reached XP level 4. HP: 22/22 MP: 7/7
  1265 | D:2      | Huge Dmg: 10 dmg
  1372 | D:2      | Huge Dmg: 5 dmg
  1479 | D:2      | Found a white marble altar of Elyvilon.
  1515 | D:2      | Huge Dmg: 4 dmg
  1691 | D:2      | Reached XP level 5. HP: 21/25 MP: 8/8
  1934 | D:2      | Huge Dmg: 8 dmg
  1945 | D:2      | Huge Dmg: 7 dmg
  2335 | D:3      | Huge Dmg: 10 dmg
  2531 | D:3      | Huge Dmg: 8 dmg
  2533 | D:3      | Huge Dmg: 4 dmg
  2550 | D:3      | Huge Dmg: 5 dmg
  2799 | D:4      | Huge Dmg: 14 dmg
  3113 | D:4      | Huge Dmg: 10 dmg
  3119 | D:4      | Huge Dmg: 4 dmg
  3136 | D:4      | Huge Dmg: 6 dmg
  3234 | D:4      | Reached skill level 6 in Dodging
  3234 | D:4      | Gained mutation: You are covered in thick fur (AC +2). [growing up]
  3234 | D:4      | Reached XP level 6. HP: 26/29 MP: 10/10
  3410 | D:4      | Found a deep blue altar of Sif Muna.
  3803 | D:5      | Entered Level 5 of the Dungeon
  3857 | D:5      | Huge Dmg: 9 dmg
  3861 | D:5      | Found a burning altar of Makhleb.
  3863 | D:5      | Huge Dmg: 5 dmg
  3864 | D:5      | Huge Dmg: 12 dmg
  4164 | D:5      | Huge Dmg: 12 dmg
  4164 | D:5      | Reached skill level 5 in Unarmed Combat
  4170 | D:5      | Huge Dmg: 7 dmg
  4569 | D:5      | Noticed Menkaure
  4574 | D:5      | Killed Menkaure
  4574 | D:5      | Reached skill level 5 in Fighting
  4574 | D:5      | Reached XP level 7. HP: 33/33 MP: 12/12
  4579 | D:5      | Huge Dmg: 16 dmg
  4622 | D:5      | Reached skill level 7 in Dodging
  5175 | D:6      | Acquired Trog's third power
  5342 | D:5      | Huge Dmg: 16 dmg
  5480 | D:6      | Reached skill level 8 in Dodging
  5480 | D:6      | Reached XP level 8. HP: 38/38 MP: 13/13
  5488 | D:6      | Huge Dmg: 16 dmg
  6035 | D:6      | Noticed Eustachio
  6049 | D:6      | Killed Eustachio
  6049 | D:6      | Reached skill level 9 in Dodging
  6162 | D:6      | Noticed Duvessa
  6168 | D:6      | Noticed Dowan
  6179 | D:6      | Huge Dmg: 14 dmg
  6179 | D:6      | Killed Duvessa
  6186 | D:6      | Killed Dowan
  6190 | D:6      | Huge Dmg: 14 dmg
  6295 | D:6      | Huge Dmg: 8 dmg
  6512 | D:7      | Reached XP level 9. HP: 43/43 MP: 15/15
  6520 | D:7      | Found a staircase to the Ecumenical Temple.
  6528 | Temple   | Entered the Ecumenical Temple
  6594 | D:7      | Found a snail-covered altar of Cheibriados.
  6602 | D:7      | Huge Dmg: 17 dmg
  6610 | D:7      | Huge Dmg: 15 dmg
  6752 | D:7      | Reached skill level 10 in Dodging
  6840 | D:7      | Found an opulent altar of Gozag.
  6843 | D:7      | Found Gozag's Platinum Reserve.
  7022 | D:7      | Huge Dmg: 12 dmg
  7304 | D:7      | Huge Dmg: 9 dmg
  7306 | D:7      | Huge Dmg: 7 dmg
  7318 | D:7      | Huge Dmg: 11 dmg
  7528 | D:7      | Huge Dmg: 21 dmg
  7739 | D:8      | Huge Dmg: 22 dmg
  7953 | D:8      | Huge Dmg: 9 dmg
  7955 | D:8      | Huge Dmg: 8 dmg
  7955 | D:8      | Reached skill level 11 in Dodging
  8215 | D:8      | Huge Dmg: 16 dmg
  8305 | D:8      | Huge Dmg: 13 dmg
  8542 | D:8      | Found a staircase to the Lair.
  8545 | D:8      | Huge Dmg: 21 dmg
  8583 | D:8      | Noticed a hill giant
  8589 | D:8      | Killed a hill giant
  8589 | D:8      | Reached XP level 10. HP: 49/49 MP: 17/17
  8595 | D:8      | Huge Dmg: 24 dmg
  8644 | D:8      | Huge Dmg: 25 dmg
  8740 | D:8      | Huge Dmg: 9 dmg
  8741 | D:8      | Huge Dmg: 14 dmg
  8763 | D:8      | Huge Dmg: 6 dmg
  9013 | D:8      | Huge Dmg: 10 dmg
  9024 | D:8      | Huge Dmg: 19 dmg
  9279 | D:8      | Huge Dmg: 23 dmg
  9434 | Lair:1   | Entered Level 1 of the Lair of Beasts
  9440 | Lair:1   | You fall through a shaft!
  9454 | Lair:2   | Reached skill level 12 in Dodging
  9457 | Lair:2   | Huge Dmg: 24 dmg
  9538 | Lair:2   | Huge Dmg: 15 dmg
  9540 | Lair:2   | Huge Dmg: 8 dmg
  9749 | Lair:2   | Huge Dmg: 9 dmg
  9864 | Lair:2   | Noticed a five-headed hydra
  9981 | Lair:2   | Huge Dmg: 11 dmg
  9989 | Lair:2   | Huge Dmg: 11 dmg
  9993 | Lair:2   | Huge Dmg: 20 dmg
 10184 | Lair:2   | Huge Dmg: 17 dmg
 10201 | Lair:2   | Huge Dmg: 17 dmg
 10202 | Lair:2   | Reached skill level 10 in Unarmed Combat
 10444 | Lair:2   | Huge Dmg: 12 dmg
 10638 | Lair:2   | Huge Dmg: 15 dmg
 10642 | Lair:2   | Huge Dmg: 20 dmg
 10649 | Lair:2   | Huge Dmg: 7 dmg
 10759 | Lair:2   | Huge Dmg: 24 dmg
 10764 | Lair:2   | Reached skill level 13 in Dodging
 10769 | Lair:2   | Huge Dmg: 6 dmg
 11069 | Lair:2   | Reached skill level 10 in Fighting
 11077 | Lair:2   | Huge Dmg: 21 dmg
 11085 | Lair:2   | Reached XP level 11. HP: 42/54 MP: 18/18
 11344 | Lair:2   | Killed a five-headed hydra
 11383 | Lair:3   | Huge Dmg: 27 dmg
 11519 | Lair:3   | Huge Dmg: 11 dmg
 11520 | Lair:3   | Huge Dmg: 5 dmg
 11648 | Lair:3   | Identified a scroll of acquirement
 11649 | Lair:3   | Got a coiled silver ring
 11651 | Lair:3   | Identified the ring of Fraup {Fire Str+5} (You acquired it on level 3 of the Lair of Beasts)
 11680 | Lair:3   | Found a labyrinth entrance.
 11687 | Lab      | Entered a labyrinth
 12327 | Lab      | Noticed a minotaur
 12331 | Lab      | Killed a minotaur
 12335 | Lab      | Got a warped lapis lazuli ring
 12349 | Lab      | Identified the cursed ring "Cronim" {Contam rElec rPois rN+ Dex-2} (You found it in a labyrinth)
 12404 | Lair:3   | Huge Dmg: 40 dmg
 12649 | Lair:3   | Huge Dmg: 15 dmg
 12787 | Lair:3   | Found a staircase to the Swamp.
 12835 | Lair:3   | Huge Dmg: 17 dmg
 12860 | Lair:3   | Huge Dmg: 10 dmg
 12872 | Lair:3   | Huge Dmg: 13 dmg
 13033 | Lair:3   | Noticed a catoblepas
 13187 | Lair:3   | Huge Dmg: 9 dmg
 13199 | Lair:3   | Killed a catoblepas
 13199 | Lair:3   | Reached skill level 14 in Dodging
 13379 | Lair:3   | Huge Dmg: 15 dmg
 13386 | Lair:3   | Huge Dmg: 11 dmg
 13823 | Lair:4   | Huge Dmg: 14 dmg
 13965 | Lair:4   | Noticed a six-headed hydra
 13976 | Lair:4   | Huge Dmg: 17 dmg
 13976 | Lair:4   | Killed a six-headed hydra
 14382 | Lair:4   | Huge Dmg: 13 dmg
 14385 | Lair:4   | Huge Dmg: 16 dmg
 14573 | Lair:4   | Noticed a fire dragon
 14578 | Lair:4   | Huge Dmg: 19 dmg
 14583 | Lair:4   | Killed a fire dragon
 14701 | Lair:5   | Noticed Harold
 14760 | Lair:5   | Noticed a death yak
 14760 | Lair:5   | Noticed a death yak
 14761 | Lair:5   | Noticed a death yak
 14762 | Lair:5   | Noticed a death yak
 14765 | Lair:5   | Huge Dmg: 14 dmg
 14768 | Lair:5   | Killed a death yak
 14773 | Lair:5   | Huge Dmg: 14 dmg
 14774 | Lair:5   | Huge Dmg: 12 dmg
 14774 | Lair:5   | Killed a death yak
 14774 | Lair:5   | Gained mutation: Your thick and shaggy fur keeps you warm (AC +3, rC+). [growing up]
 14774 | Lair:5   | Reached XP level 12. HP: 29/60 MP: 19/19
 14778 | Lair:5   | Killed a death yak
 14779 | Lair:5   | Huge Dmg: 15 dmg
 14780 | Lair:5   | Killed a death yak
 14786 | Lair:5   | Huge Dmg: 3 dmg
 14922 | Lair:5   | Noticed a catoblepas
 14929 | Lair:5   | Huge Dmg: 32 dmg
 14934 | Lair:5   | Killed a catoblepas
 14934 | Lair:5   | Reached skill level 15 in Dodging
 14938 | Lair:5   | Huge Dmg: 10 dmg
 15073 | Lair:5   | Huge Dmg: 20 dmg
 15081 | Lair:5   | Huge Dmg: 15 dmg
 15181 | Lair:5   | Noticed a catoblepas
 15192 | Lair:5   | Huge Dmg: 32 dmg
 15195 | Lair:5   | Killed a catoblepas
 15198 | Lair:5   | Huge Dmg: 13 dmg
 15218 | Lair:5   | Huge Dmg: 10 dmg
 15443 | Lair:5   | Huge Dmg: 18 dmg
 15461 | Lair:5   | Huge Dmg: 21 dmg
 15521 | Lair:5   | Killed Harold
 15525 | Lair:5   | Huge Dmg: 28 dmg
 15573 | Lair:5   | Found a hole to the Spider Nest.
 15588 | Lair:5   | Huge Dmg: 15 dmg
 15813 | Lair:5   | Noticed a death yak
 15814 | Lair:5   | Noticed a death yak
 15843 | Lair:5   | Killed a death yak
 15848 | Lair:5   | Huge Dmg: 30 dmg
 15901 | Lair:5   | Noticed a death yak
 15914 | Lair:5   | Noticed a death yak
 15917 | Lair:5   | Killed a death yak
 15923 | Lair:5   | Killed a death yak
 15927 | Lair:5   | Killed a death yak
 15931 | Lair:5   | Huge Dmg: 27 dmg
 16296 | Lair:6   | Found a staircase to the Slime Pits.
 16326 | Lair:6   | Huge Dmg: 21 dmg
 16414 | Lair:6   | Huge Dmg: 15 dmg
 16419 | Lair:6   | Huge Dmg: 15 dmg
 16420 | Lair:6   | Huge Dmg: 24 dmg
 16424 | Lair:6   | HP: 1/91 [death yak (8)]
 16425 | Lair:6   | Huge Dmg: 7 dmg
 16757 | Lair:6   | Reached XP level 13. HP: 63/66 MP: 20/20
 16924 | Lair:6   | Noticed a four-headed hydra
 16933 | Lair:6   | Killed a four-headed hydra
 16949 | Lair:6   | Huge Dmg: 27 dmg
 17062 | Lair:6   | Huge Dmg: 16 dmg
 17316 | Lair:6   | Huge Dmg: 14 dmg
 17688 | Lair:7   | Huge Dmg: 25 dmg
 17732 | Lair:7   | Noticed Rupert
 17784 | Lair:7   | Huge Dmg: 33 dmg
 18096 | Lair:7   | Huge Dmg: 30 dmg
 18154 | Lair:7   | Huge Dmg: 16 dmg
 18160 | Lair:7   | Huge Dmg: 13 dmg
 18173 | Lair:7   | Huge Dmg: 14 dmg
 18335 | Lair:7   | Huge Dmg: 26 dmg
 18496 | Lair:6   | Huge Dmg: 15 dmg
 18640 | Lair:7   | Huge Dmg: 33 dmg
 18789 | Lair:7   | Huge Dmg: 33 dmg
 18941 | Lair:7   | Huge Dmg: 32 dmg
 19086 | Lair:7   | Huge Dmg: 21 dmg
 19090 | Lair:7   | Killed Rupert
 19094 | Lair:7   | Huge Dmg: 27 dmg
 19157 | Lair:7   | Huge Dmg: 14 dmg
 19168 | Lair:7   | Huge Dmg: 18 dmg
 19175 | Lair:7   | Huge Dmg: 21 dmg
 19310 | Lair:8   | Entered Level 8 of the Lair of Beasts
 19343 | Lair:8   | Huge Dmg: 19 dmg
 19346 | Lair:8   | Huge Dmg: 26 dmg
 19356 | Lair:8   | Huge Dmg: 13 dmg
 19672 | Lair:8   | Huge Dmg: 28 dmg
 19788 | Lair:8   | Reached skill level 15 in Fighting
 19788 | Lair:8   | Reached XP level 14. HP: 71/73 MP: 21/21
 19805 | Lair:8   | Huge Dmg: 16 dmg
 19988 | Lair:8   | Huge Dmg: 19 dmg
 20096 | Lair:8   | Huge Dmg: 21 dmg
 20097 | Lair:8   | Huge Dmg: 12 dmg
 20116 | Lair:8   | Huge Dmg: 21 dmg
 20243 | Lair:7   | Huge Dmg: 22 dmg
 20287 | Lair:7   | Huge Dmg: 25 dmg
 20386 | Lair:7   | Huge Dmg: 21 dmg
 20387 | Lair:7   | Huge Dmg: 20 dmg
 20461 | Lair:7   | Huge Dmg: 18 dmg
 20520 | Lair:8   | Huge Dmg: 28 dmg
 20523 | Lair:8   | Reached skill level 16 in Fighting
 20530 | Lair:8   | Huge Dmg: 23 dmg
 20981 | Lair:8   | Got a slimy crystal amulet
 21020 | Lair:8   | Identified the amulet "Seazug" {Clar +Inv +Fly MR+} (You found it on level 8 of the Lair of Beasts)
 21023 | Lair:8   | Gained mutation: Your system is resistant to poisons. [potion of beneficial mutation]
 21027 | Lair:8   | Huge Dmg: 32 dmg
 22524 | D:9      | Reached skill level 1 in Stealth
 22590 | D:8      | Reached skill level 1 in Evocations
 22784 | D:9      | Found a sacrificial altar of Ru.
 22902 | D:9      | Found an iron altar of Okawaru.
 22916 | D:9      | Found a staircase to the Orcish Mines.
 23127 | D:9      | Huge Dmg: 19 dmg
 23434 | D:10     | Entered Level 10 of the Dungeon
 23503 | D:10     | Huge Dmg: 16 dmg
 23730 | D:10     | Found a white marble altar of Elyvilon.
 23919 | D:11     | Noticed Erolcha
 23925 | D:11     | Killed Erolcha
 23925 | D:11     | Reached skill level 5 in Stealth
 23936 | D:11     | Huge Dmg: 37 dmg
 24510 | D:11     | Huge Dmg: 23 dmg
 24515 | D:11     | Huge Dmg: 28 dmg
 24652 | D:11     | Reached skill level 5 in Evocations
 24941 | D:12     | Huge Dmg: 31 dmg
 24995 | D:12     | Huge Dmg: 16 dmg
 24997 | D:12     | Huge Dmg: 21 dmg
 24999 | D:12     | Huge Dmg: 13 dmg
 25115 | D:12     | Huge Dmg: 20 dmg
 25980 | D:13     | Huge Dmg: 25 dmg
 25983 | D:13     | Reached skill level 15 in Unarmed Combat
 25991 | D:13     | Huge Dmg: 26 dmg
 26334 | D:13     | Huge Dmg: 13 dmg
 26870 | D:13     | Reached XP level 15. HP: 79/79 MP: 27/27
 26884 | D:14     | Noticed Snorg
 26892 | D:14     | Huge Dmg: 19 dmg
 26895 | D:14     | Killed Snorg
 27041 | D:14     | Huge Dmg: 20 dmg
 27228 | D:14     | Noticed a storm dragon
 27234 | D:14     | Noticed a storm dragon
 27237 | D:14     | Noticed a tengu reaver
 27243 | D:14     | Killed a storm dragon
 27245 | D:14     | Huge Dmg: 55 dmg
 27247 | D:14     | Huge Dmg: 21 dmg
 27249 | D:14     | Huge Dmg: 15 dmg
 27251 | D:14     | Huge Dmg: 8 dmg
 27251 | D:14     | Killed a tengu reaver
 27251 | D:14     | Reached skill level 17 in Fighting
 27256 | D:14     | Killed a storm dragon
 27258 | D:14     | HP: 2/120 [wraith[Josephine] (7)]
 27259 | D:14     | Huge Dmg: 6 dmg
 27454 | D:14     | Noticed Josephine
 27458 | D:14     | Killed Josephine
 27595 | D:14     | Found a gate to the Vaults.
 27602 | D:14     | Huge Dmg: 22 dmg
 27733 | D:14     | Found a blossoming altar of Fedhas.
 27762 | D:14     | Huge Dmg: 17 dmg
 27769 | D:14     | Huge Dmg: 28 dmg
 27776 | D:14     | Huge Dmg: 12 dmg
 27888 | D:14     | Noticed Erica
 27891 | D:14     | Killed Erica
 27980 | D:14     | Huge Dmg: 16 dmg
 27993 | D:14     | Huge Dmg: 28 dmg
 28049 | D:14     | Huge Dmg: 24 dmg
 28201 | D:15     | Entered Level 15 of the Dungeon
 28217 | D:15     | Huge Dmg: 19 dmg
 28227 | D:15     | Huge Dmg: 24 dmg
 28343 | D:15     | Huge Dmg: 18 dmg
 28505 | D:15     | Found a staircase to the Depths.
 28830 | D:15     | Huge Dmg: 38 dmg
 29083 | D:15     | Noticed Louise
 29105 | D:15     | Killed Louise
 29186 | D:15     | Huge Dmg: 19 dmg
 29188 | D:15     | Huge Dmg: 46 dmg
 29205 | D:15     | Huge Dmg: 20 dmg
 29389 | D:15     | Huge Dmg: 27 dmg
 29396 | D:15     | Huge Dmg: 14 dmg
 29791 | D:13     | Huge Dmg: 40 dmg
 29952 | Orc:1    | Entered Level 1 of the Orcish Mines
 29952 | Orc:1    | Noticed Maurice
 29968 | Orc:1    | Killed Maurice
 30195 | Orc:2    | Noticed Joseph
 30252 | Orc:1    | Reached skill level 18 in Fighting
 30276 | Orc:2    | Killed Joseph
 30387 | Orc:2    | Found a roughly hewn altar of Beogh.
 30488 | Orc:2    | Found Kiruakhu's Jewellery Shop.
 30519 | Orc:2    | Bought a +2 ring of protection for 120 gold pieces
 30562 | Orc:2    | Found Zikhipto's Jewellery Shoppe.
 30609 | Orc:2    | Found Wofioqoa's General Store.
 30614 | Orc:2    | Found Apoiddoq's Book Shop.
 30628 | Orc:2    | Huge Dmg: 13 dmg
 30744 | Orc:2    | Bought a meat ration for 60 gold pieces
 30744 | Orc:2    | Bought a meat ration for 60 gold pieces
 30853 | Orc:2    | Found Souseott's Book Shoppe.
 30873 | Orc:2    | Bought a manual of Dodging for 1656 gold pieces
 31431 | Orc:3    | Found a roughly hewn altar of Beogh.
 32060 | Orc:4    | Entered Level 4 of the Orcish Mines
 32102 | Orc:4    | Huge Dmg: 40 dmg
 32233 | Orc:4    | Huge Dmg: 28 dmg
 32523 | Orc:4    | Huge Dmg: 33 dmg
 32797 | Orc:4    | Found a roughly hewn altar of Beogh.
 32850 | Orc:4    | Huge Dmg: 28 dmg
 32851 | Orc:4    | Huge Dmg: 26 dmg
 32851 | Orc:4    | HP: 2/121 [orc warrior/dire flail (19)]
 32852 | Orc:4    | Huge Dmg: 33 dmg
 32857 | Orc:4    | Huge Dmg: 1 dmg
 32937 | Orc:4    | Huge Dmg: 20 dmg
 33011 | Orc:4    | Found Laore's Jewellery Emporium.
 33040 | Orc:4    | Found Striviod's Jewellery Shoppe.
 33042 | Orc:4    | Reached XP level 16. HP: 76/85 MP: 28/28
 33057 | Orc:4    | Bought the ring of Salvation {rPois rF- rC+ MP+9 Int-5 Slay+3} for 313 gold pieces
 33206 | Orc:4    | Huge Dmg: 40 dmg
 33287 | Orc:4    | Huge Dmg: 22 dmg
 33515 | Orc:4    | Found Giguf's Weapon Emporium.
 33663 | Orc:4    | Found a roughly hewn altar of Beogh.
 33663 | Orc:4    | Noticed Saint Roka
 33694 | Orc:4    | Killed Saint Roka
 33695 | Orc:4    | Slain by an orc warrior
 33696 | Orc:4    | Reached XP level 15. HP: -4/121 MP: 36/36
 33903 | Orc:4    | Found a staircase to the Elven Halls.
 34004 | Orc:4    | Huge Dmg: 40 dmg
 34137 | Orc:4    | Huge Dmg: 13 dmg
 34142 | Orc:4    | Huge Dmg: 17 dmg
 34330 | Orc:4    | Found Neggaigh's Gadget Shoppe.
 34390 | Orc:4    | Paralysed by an orc sorcerer for 5 turns
 34393 | Orc:4    | HP: 4/123 [orc high priest/trident (3)]
 34394 | Orc:4    | Slain by an orc
 34395 | Orc:4    | Reached XP level 14. HP: -5/117 MP: 35/35
 34407 | Orc:4    | Huge Dmg: 24 dmg
 34766 | Swamp:1  | Entered Level 1 of the Swamp
 34840 | Swamp:1  | Huge Dmg: 28 dmg
 34845 | Swamp:1  | Huge Dmg: 16 dmg
 34917 | Swamp:1  | Huge Dmg: 15 dmg
 35018 | Swamp:1  | Huge Dmg: 21 dmg
 35049 | Swamp:1  | Huge Dmg: 34 dmg
 35158 | Swamp:1  | Got a scintillating marble ring
 35689 | Swamp:2  | Huge Dmg: 25 dmg
 35693 | Swamp:2  | Noticed a thorn hunter
 35700 | Swamp:2  | Huge Dmg: 21 dmg
 35705 | Swamp:2  | Huge Dmg: 19 dmg
 35706 | Swamp:2  | Killed a thorn hunter
 35716 | Swamp:2  | Huge Dmg: 14 dmg
 35727 | Swamp:2  | Huge Dmg: 9 dmg
 35803 | Swamp:2  | Identified the ring "Myra" {rPois rN+ Stlth+} (You found it on level 1 of the Swamp)
 36046 | Swamp:2  | Huge Dmg: 15 dmg
 36193 | Swamp:2  | Huge Dmg: 30 dmg
 36357 | Swamp:2  | Huge Dmg: 16 dmg
 36694 | Swamp:3  | Noticed a thorn hunter
 36705 | Swamp:3  | Killed a thorn hunter
 36880 | Swamp:3  | Reached XP level 15. HP: 82/82 MP: 27/27
 36885 | Swamp:3  | Huge Dmg: 41 dmg
 37250 | Swamp:3  | Huge Dmg: 20 dmg
 37251 | Swamp:3  | Huge Dmg: 29 dmg
 37260 | Swamp:3  | Huge Dmg: 13 dmg
 37423 | Swamp:3  | Huge Dmg: 23 dmg
 37429 | Swamp:3  | Huge Dmg: 14 dmg
 37440 | Swamp:3  | Huge Dmg: 15 dmg
 37730 | Swamp:4  | Huge Dmg: 17 dmg
 37734 | Swamp:4  | Huge Dmg: 21 dmg
 37749 | Swamp:4  | Huge Dmg: 22 dmg
 37796 | Swamp:3  | Huge Dmg: 32 dmg
 37956 | Swamp:4  | Huge Dmg: 24 dmg
 38342 | Swamp:4  | Reached skill level 19 in Dodging
 38505 | Swamp:4  | Huge Dmg: 21 dmg
 38593 | Swamp:5  | Entered Level 5 of the Swamp
 38743 | Swamp:5  | Huge Dmg: 21 dmg
 38808 | Swamp:5  | Huge Dmg: 19 dmg
 38987 | Swamp:5  | Huge Dmg: 18 dmg
 38990 | Swamp:5  | Huge Dmg: 21 dmg
 39003 | Swamp:5  | Huge Dmg: 27 dmg
 39076 | Swamp:5  | Huge Dmg: 36 dmg
 39078 | Swamp:5  | eek
 39161 | Swamp:5  | Huge Dmg: 16 dmg
 39174 | Swamp:5  | Noticed a thorn hunter
 39178 | Swamp:5  | Huge Dmg: 30 dmg
 39190 | Swamp:5  | Huge Dmg: 17 dmg
 39191 | Swamp:5  | Huge Dmg: 11 dmg
 39191 | Swamp:5  | HP: 3/83 [thorn hunter/volley of thorns (19)]
 39192 | Swamp:5  | Huge Dmg: 18 dmg
 39193 | Swamp:5  | Killed a thorn hunter
 39318 | Swamp:5  | Noticed a thorn hunter
 39327 | Swamp:5  | Killed a thorn hunter
 39437 | Swamp:5  | Huge Dmg: 17 dmg
 39532 | Swamp:5  | Huge Dmg: 17 dmg
 39543 | Swamp:5  | Huge Dmg: 25 dmg
 39564 | Swamp:5  | Huge Dmg: 12 dmg
 39733 | Swamp:5  | Huge Dmg: 9 dmg
 39737 | Swamp:5  | Huge Dmg: 25 dmg
 39843 | Swamp:5  | Huge Dmg: 15 dmg
 39928 | Swamp:5  | Huge Dmg: 16 dmg
 39930 | Swamp:5  | Huge Dmg: 13 dmg
 39930 | Swamp:5  | Reached skill level 20 in Dodging
 40118 | Swamp:5  | Huge Dmg: 17 dmg
 40123 | Swamp:5  | Huge Dmg: 25 dmg
 40133 | Swamp:5  | Huge Dmg: 18 dmg
 40226 | Swamp:5  | Noticed a bone dragon
 40235 | Swamp:5  | Huge Dmg: 36 dmg
 40237 | Swamp:5  | Huge Dmg: 24 dmg
 40240 | Swamp:5  | Huge Dmg: 14 dmg
 40246 | Swamp:5  | Huge Dmg: 20 dmg
 40252 | Swamp:5  | Killed a bone dragon
 40256 | Swamp:5  | Huge Dmg: 11 dmg
 40354 | Swamp:5  | Got a decaying rune of Zot
 40878 | Vaults:1 | Entered Level 1 of the Vaults
 41150 | Vaults:1 | Huge Dmg: 19 dmg
 41220 | Vaults:1 | Huge Dmg: 21 dmg
 41325 | Vaults:1 | Reached XP level 16. HP: 80/87 MP: 28/28
 41526 | Vaults:1 | Huge Dmg: 43 dmg
 41530 | Vaults:1 | Got a faintly glowing diamond amulet
 41535 | Vaults:1 | Identified the amulet "Smuihib" {Inacc rC- MP+9 Dex+7 Stlth-} (You found it on level 1 of the Vaults)
 41555 | Vaults:1 | Noticed a golden dragon
 41565 | Vaults:1 | Huge Dmg: 33 dmg
 41572 | Vaults:1 | Huge Dmg: 32 dmg
 41573 | Vaults:1 | HP: 4/87 [skeletal warrior/trident of flaming (2)]
 41574 | Vaults:1 | Huge Dmg: 22 dmg
 41574 | Vaults:1 | Demolished by a skeletal warrior

Action                   |  1- 3 |  4- 6 |  7- 9 | 10-12 | 13-15 | 16-18 || total
-------------------------+-------+-------+-------+-------+-------+-------++-------
Melee: Unarmed           |    64 |   197 |   443 |   591 |  2907 |   159 ||  4361
Invok: Berserk           |     1 |     5 |    10 |    18 |    38 |     3 ||    75
       Brothers in Arms  |       |       |       |    16 |    13 |     5 ||    34
       Burn Spellbooks   |       |       |       |     1 |       |       ||     1
       Trog's Hand       |       |       |       |     3 |     5 |     2 ||    10
Evoke: Wand              |       |       |       |       |     4 |       ||     4
  Use: Scroll            |       |     4 |     9 |     9 |    16 |     3 ||    41
       Potion            |       |     1 |       |     4 |    16 |     2 ||    23
 Stab: Sleeping          |       |     2 |     6 |     2 |    59 |     5 ||    74
       Distracted        |       |       |       |     3 |     8 |     1 ||    12
       Confused          |       |       |       |       |     1 |       ||     1
  Eat: Chunk             |     7 |    12 |    16 |    22 |   117 |     5 ||   179
       Meat ration       |       |       |       |     2 |       |       ||     2
       Pizza             |       |       |       |     1 |       |       ||     1

Vault maps used:
D:1:      onia_arrival_zoo_common, hangedman_decor_lopped,
          minmay_misc_feat_roman
D:2:      lemuel_round_altar, uniq_sigmund
D:3:      minmay_misc_feat_ornament
D:4:      led_sif_book, minmay_bisected
D:5:      makhleb_heckhound_becter, first_bread, kennysheep_nub, uniq_menkaure
D:6:      interstate_on_off, uniq_duvessa, uniq_eustachio
D:7:      nicolae_gozag_zags_fifth_avenue, beetle_altar_2,
          minmay_temple_entry_butterflies
D:8:      lair_0_dummy, serial_co_window_serial, co_window_cross_1,
          co_window_corner_a, co_window_of_opportunity_a,
          co_window_of_opportunity_a, co_window_cross_1, co_window_corner_a,
          co_window_of_opportunity_a, co_window_corner_a, co_window_paths_a,
          co_window_of_opportunity_c, co_window_of_opportunity_b,
          co_window_broadway_a, co_window_of_opportunity_b,
          co_window_broadway_a, co_window_of_opportunity_c, glass_columns_c,
          glass_columns_a, glass_columns_a, glass_columns_a
D:9:      lemuel_doored_altar, kennysheep_little_box, orc_0_dummy,
          hangedman_ranch, kennysheep_opposing_triangles
D:10:     basic_altar
D:11:     uniq_erolcha
D:12:     minmay_crystal_room
D:13:     serial_co_window_serial, co_window_of_opportunity_a,
          co_window_corner_a, co_window_cross_1, co_window_paths_b,
          co_window_paths_a, co_window_paths_c, co_window_corner_b,
          co_window_of_opportunity_b, co_window_corner_ca,
          co_window_unsneaky_path_e, co_window_2corner, glass_columns_b,
          glass_columns_b, glass_columns_a, glass_columns_a, glass_columns_c
D:14:     minmay_textured_paths, erik_vaults_2, fedhas_altar_2, uniq_josephine,
          uniq_erica, uniq_snorg
D:15:     grunt_enter_depths_giant_problem, wad_rectangle_vault, uniq_louise
Temple:   eino_narrow_crystal_temple_a_12
Lair:1:   portal_ice_cave_entry_ice_beasts, minivault_19,
          infiniplex_staircase_pool
Lair:2:   grunt_megastairs_3, serial_bayou_shore_b, infiniplex_staircase_pool_2,
          lemuel_fruit_tree
Lair:3:   minmay_swamp_entry_wisps, lab_entry_generic, st_stairs_6
Lair:4:   dragon1_lemuel
Lair:5:   spider_nest_entry_funnel_web, uniq_harold
Lair:6:   slime_dummy, st_stairs_12
Lair:7:   hangedman_lair_generics_rect, uniq_rupert
Lair:8:   evilmike_catoblepas_cave, grunt_megastairs_5
Swamp:1:  evilmike_swamp_ruin_rubble_2, swamp_pool2
Swamp:2:  evilmike_swamp_ruin_house_5, swamp_pool4, st_swamp_ruins_2
Swamp:3:  evilmike_swamp_ruin_house_1
Swamp:4:  evilmike_swamp_ruin_rubble_1, swamp_pool1, uniq_saint_roka
Swamp:5:  swamp_pestilence
Orc:1:    uniq_maurice
Orc:2:    basic_altar, serial_shops, shop_fountains, shop_coins, shop_fountains,
          nicolae_shop_waterfront, nicolae_shop_crystal, uniq_joseph
Orc:3:    basic_altar, nicolae_orc_pool_cavern
Orc:4:    pubby_orc_utopia
Vaults:1: dpeg_vaults_waves, vaults_dpeg_diagonal, vaults_mumra_chevron_long,
          grunt_vaults_twisty, v_misc_1, vaults_mumra_hex, grunt_vaults_bifocal,
          nicolae_vaults_windows_and_doors_thing
Lab:      nicolae_lab_garden
